 Dungeon Crawl Stone Soup version 0.20-a0-32-gb8e7c72 (webtiles) character file.

19842 dvd the Impaler (level 12, 0/96 HPs)
             Began as a Merfolk Gladiator on Nov 8, 2016.
             Was a High Priest of Okawaru.
             Engulfed by a steam dragon's steam (9 damage)
             ... on level 3 of the Lair of Beasts.
             The game lasted 00:57:01 (18025 turns).

dvd the Impaler (Merfolk Gladiator)                Turns: 18025, Time: 00:57:02

Health: 0/96       AC: 18    Str: 23    XL:     12   Next: 73%
Magic:  13/13      EV: 13    Int:  8    God:    Okawaru [*****.]
Gold:   1129       SH:  9    Dex: 17    Spells: 0 memorised, 11 levels left

rFire  . . .     SeeInvis .     a - +1 trident (holy)
rCold  . . .     Gourm    .     Q - +4 chain mail
rNeg   + . .     Faith    .     E - +3 buckler
rPois  +         Spirit   .     c - +0 helmet
rElec  +         Reflect  .     b - +0 cloak
rCorr  .         Harm     +     t - +2 pair of gloves
MR     .....                    d - +0 pair of boots
Stlth  ..........               r - amulet of harm
                                o - +6 ring of strength
                                K - ring "Luavugaq" {rElec rPois rN+ AC-3}

@: no status effects
A: change form in water, swift swim, stealthy swim, mutation resistance 1, sense
surroundings 1, subdued magic 1
a: Heroism, Finesse, Renounce Religion


You were on level 3 of the Lair of Beasts.
You worshipped Okawaru.
Okawaru was extremely pleased with you.
You were not hungry.

You visited 3 branches of the dungeon, and saw 14 of its levels.
You also visited: Bailey.

You collected 1129 gold pieces.

Inventory:

Hand Weapons
 a - a +1 trident of holy wrath (weapon)
 B - a +0 scythe
 J - a +1 trident
 P - a +0 vampiric war axe
Missiles
 y - 3 steel tomahawks (quivered)
 A - 17 tomahawks
Armour
 b - a +0 cloak (worn)
 c - a +0 helmet (worn)
 d - a +0 pair of boots (worn)
 m - a +0 troll leather armour
 t - a +2 pair of gloves (worn)
 x - the +2 pair of gloves of Rora {Str-4 Int+5 Stlth+}
   (Okawaru gifted it to you on level 1 of the Lair of Beasts)

   It affects your strength (-4).
   It affects your intelligence (+5).
   It makes you more stealthy.
 E - a +3 buckler (worn)
 L - a +2 ring mail of fire resistance
 Q - a +4 chain mail (worn)
 U - a +1 ring mail of cold resistance
Jewellery
 k - an uncursed ring of stealth
 o - a +6 ring of strength (right hand)
 r - an amulet of harm (around neck)
 u - an uncursed ring of fire
 K - the ring "Luavugaq" (left hand) {rElec rPois rN+ AC-3}
   (You took it off an orc wizard on level 10 of the Dungeon)

   [ring of protection]

   It affects your AC (-3).
   It insulates you from electricity.
   It protects you from poison.
   It protects you from negative energy.
 M - an uncursed ring of fire
Wands
 i - a wand of teleportation (5/9)
 C - a wand of disintegration (8/24)
 H - a wand of disintegration (16/24)
 I - a wand of flame (30/48)
 O - a wand of acid (0/15)
Scrolls
 g - 16 scrolls of remove curse
 h - 4 scrolls of amnesia
 j - 3 scrolls of teleportation
 n - 3 scrolls of magic mapping
 w - 4 scrolls of identify
 z - 2 scrolls of recharging
 D - a scroll of blinking
 T - a scroll of fog
Potions
 e - 4 potions of curing
 p - 2 potions of brilliance
 s - a potion of agility
 v - 2 potions of haste
 G - 2 potions of flight
 R - a potion of ambrosia
Books
 F - a book of Power

   Spells                             Type                      Level
   a - Fulminant Prism                Conjuration/Hexes            4
   b - Iskenderun's Mystic Blast      Conjuration                  4
   c - Venom Bolt                     Conjuration/Poison           5
   d - Bolt of Magma                  Conjuration/Fire/Earth       5
   e - Iron Shot                      Conjuration/Earth            6
   f - Orb of Destruction             Conjuration                  7
   g - Spellforged Servitor           Conjuration/Summoning        7
 N - a book of Summonings

   Spells                             Type                      Level
   a - Recall                         Summoning/Translocation      3
   b - Aura of Abjuration             Summoning                    5
   c - Summon Demon                   Summoning                    5
   d - Summon Forest                  Summoning/Translocation      5
   e - Summon Mana Viper              Hexes/Summoning              5
   f - Shadow Creatures               Summoning                    6
Comestibles
 f - 6 bread rations
 l - 49 fruits
 q - 3 meat rations


   Skills:
 + Level 9.6 Fighting
 + Level 15.7 Polearms
 + Level 4.7 Throwing
 + Level 7.1 Armour
 + Level 8.9 Dodging
 + Level 6.3 Stealth
 + Level 7.4 Shields
 + Level 1.8 Invocations
 + Level 1.0 Evocations


You had 11 spell levels left.
You didn't know any spells.

Dungeon Overview and Level Annotations

Branches:
Dungeon (10/15)            Temple (1/1) D:6            Lair (3/6) D:8
 Shoals (0/4) Lair:2       Spider (0/4) Lair:3          Orc (0/2) D:9

Altars:
Ashenzari
Cheibriados
Dithmenos
Elyvilon
Fedhas
Gozag
Hepliaklqana
Kikubaaqudgha
Makhleb
Nemelex Xobeh
Okawaru
Qazlal
Ru
Sif Muna
Trog
Uskayaw
Vehumet
Xom
Yredelemnul
Zin
The Shining One

Shops:
D:7 :


Innate Abilities, Weirdness & Mutations

You revert to your normal form in water.
You are very nimble and swift while swimming.
You are very stealthy in the water. (Stealth+)
You are somewhat resistant to further mutation.
You passively map a small area around you.
Your spells are a little easier to cast, but a little less powerful.


Message History

Items here: ††††† a crocodile corpse; a komodo dragon corpse; a wolf corpse; a porcupine corpse a wolf corpse Unknown command.
You feel much better.
You are engulfed in a cloud of scalding steam.
* * * LOW HITPOINT WARNING * * *
The steam dragon closely misses you. x2
Unknown command.
You feel better.
You are engulfed in a cloud of scalding steam.
You block the steam dragon's attack. The steam dragon closely misses you.
Unknown command.
The steam dragon breathes steam at you. The ball of steam hits you!
* * * LOW HITPOINT WARNING * * *
You hit the steam dragon but do no damage.
The steam dragon is severely wounded.
You are engulfed in a cloud of scalding steam.
You die...

***** #.####.P.......#*,,* *
*** ##.#.......##*.*
#...........#..**
##.#...........,*
#.............#**
#######.....### ##..>..##..## *
*****##.......#### *
**,,,*#....§D@§§#********* **
*,,,#....###†#.......,,,,* ,*
**,,#...** #.##.(..#.,,,,*
,****,,.!.,***###*....#,,,,,*
,*,,**,,,,***,,,*,....#***,,***
*,*,,,,,,,,,,,,,,,......+,,,,,*
,,,,,⌠,,,,,⌠,,>,,⌠,,...⌠,,,,***
,,,,,,,,,,,,,,,,,,,,....,,,,*
,,,,*,*,,,**,,,,***,,,,**,,,*


You could see a steam dragon.

Vanquished Creatures
  The ghost of namnharef the Severer, a journeyman HOBe of Trog (D:10)
  A hydra (D:10)
  An unseen horror (D:10)
  A hill giant (D:9)
  An orc knight (Bailey)
  2 spiny frogs (Lair:2)
  A black mamba (Lair:1)
  The ghost of namnharef the Chopper, a novice HOBe of Trog (D:7)
  Psyche (D:9)
  A rime drake (Lair:2)
  5 komodo dragons
  3 trolls
  2 two-headed ogres
  4 hippogriffs
  3 blink frogs (Lair:2)
  Grinder (D:5)
  Sigmund (D:3)
  A wyvern (Lair:3)
  11 yaks
  A basilisk (Lair:2)
  2 hungry ghosts
  Menkaure (D:7)
  Edmund (D:5)
  6 porcupines
  11 orc warriors
  A hornet zombie (D:4)
  Duvessa (D:6)
  4 phantoms
  2 ice beasts
  5 sky beasts
  A necrophage (D:10)
  5 ogres
  18 wolves
  6 crocodiles
  2 centaurs
  3 big kobolds
  A gnoll sergeant (D:10)
  9 bullfrogs
  A wyvern zombie (D:10)
  Dowan (D:6)
  3 scorpions
  7 killer bees
  3 wights (D:9)
  10 electric eels
  4 crimson imps
  4 orc priests
  2 jellies
  6 orc wizards
  A centaur skeleton (D:6)
  2 bullfrog skeletons
  9 hounds
  4 iguanas
  12 worker ants
  A hound zombie (D:8)
  A hound skeleton (D:5)
  A howler monkey zombie (D:5)
  A worker ant zombie (D:7)
  10 gnolls
  11 adders
  3 shadow imps
  An ooze (D:6)
  A worm (D:2)
  4 dart slugs
  7 leopard geckos
  41 orcs
  A ball python (D:3)
  5 giant cockroaches
  19 goblins
  5 hobgoblins
  9 jackals
  2 quokkas
  7 bats
  5 frilled lizards
  16 kobolds
  9 rats
351 creatures vanquished.

Vanquished Creatures (collateral kills)
  A worker ant (D:10)
1 creature vanquished.

Grand Total: 352 creatures vanquished

Notes
Turn   | Place    | Note
-------+----------+-------------------------------------------
     0 | D:1      | dvd the Merfolk Gladiator began the quest for the Orb.
     0 | D:1      | Reached XP level 1. HP: 16/16 MP: 1/1
   231 | D:1      | Reached XP level 2. HP: 20/22 MP: 2/2
   454 | D:1      | Reached skill level 5 in Polearms
   681 | D:2      | Reached XP level 3. HP: 28/28 MP: 3/3
  1138 | D:2      | Reached skill level 1 in Stealth
  1263 | D:2      | Reached XP level 4. HP: 34/34 MP: 4/4
  1547 | D:3      | Reached skill level 6 in Polearms
  1547 | D:3      | Reached XP level 5. HP: 30/41 MP: 5/5
  1691 | D:3      | Noticed Sigmund
  1829 | D:3      | Found a blossoming altar of Fedhas.
  1954 | D:3      | Found a faded altar of an unknown god.
  1954 | D:3      | Found a sparkling altar of Nemelex Xobeh.
  1972 | D:3      | Found a faded altar of an unknown god.
  1976 | D:3      | Found a faded altar of an unknown god.
  1978 | D:3      | Found a faded altar of an unknown god.
  2145 | D:3      | Killed Sigmund
  2145 | D:3      | Reached skill level 7 in Polearms
  2145 | D:3      | Reached skill level 1 in Armour
  2145 | D:3      | Reached XP level 6. HP: 22/47 MP: 6/6
  2705 | D:4      | Reached skill level 8 in Polearms
  2713 | D:4      | Reached skill level 1 in Shields
  3197 | D:4      | Reached XP level 7. HP: 53/53 MP: 7/7
  3333 | D:4      | Reached skill level 9 in Polearms
  3808 | D:5      | Entered Level 5 of the Dungeon
  3929 | D:5      | Found an opulent altar of Gozag.
  3929 | D:5      | Noticed Grinder
  3932 | D:5      | Paralysed by Grinder for 7 turns
  3955 | D:5      | Killed Grinder
  3955 | D:5      | Reached skill level 5 in Dodging
  4379 | D:5      | Reached XP level 8. HP: 54/61 MP: 8/8
  4641 | D:5      | Reached skill level 10 in Polearms
  4892 | D:5      | Found an iron altar of Okawaru.
  4918 | D:5      | Became a worshipper of Warmaster Okawaru
  4979 | D:6      | Noticed Edmund
  5023 | D:5      | Killed Edmund
  5557 | D:6      | Reached skill level 11 in Polearms
  5591 | D:6      | Reached * piety under Okawaru
  5591 | D:6      | Reached skill level 5 in Fighting
  5601 | D:6      | Found a staircase to the Ecumenical Temple.
  5824 | D:6      | Noticed Dowan
  5825 | D:6      | Noticed Duvessa
  5835 | D:6      | Killed Duvessa
  5850 | D:6      | Killed Dowan
  5850 | D:6      | Reached XP level 9. HP: 45/68 MP: 9/9
  6072 | D:6      | Reached skill level 12 in Polearms
  6509 | Temple   | Entered the Ecumenical Temple
  6902 | D:7      | Reached ** piety under Okawaru
  7064 | D:7      | Found Miroisko's Book Boutique.
  7159 | D:7      | Noticed namnharef's ghost (novice HOBe)
  7161 | D:7      | Noticed Menkaure
  7354 | D:7      | Killed Menkaure
  7603 | D:7      | Killed namnharef's ghost
  7830 | D:7      | Reached skill level 13 in Polearms
  8687 | D:8      | Reached XP level 10. HP: 60/77 MP: 10/10
  9103 | D:8      | Reached *** piety under Okawaru
  9460 | D:8      | Found a staircase to the Lair.
  9726 | D:8      | Reached skill level 14 in Polearms
 11086 | D:9      | Gained mutation: Your spells are a little easier to cast, but a little less powerful. [potion of mutation]
 11086 | D:9      | Gained mutation: You are somewhat resistant to further mutation. [potion of mutation]
 11086 | D:9      | Gained mutation: You passively map a small area around you. [potion of mutation]
 11156 | D:9      | Found a glowing golden altar of the Shining One.
 11163 | D:9      | Found a staircase to the Orcish Mines.
 11202 | D:9      | Reached skill level 1 in Invocations
 11218 | D:9      | Reached skill level 5 in Stealth
 11596 | D:9      | Noticed Psyche
 11608 | D:9      | Killed Psyche
 11608 | D:9      | Reached **** piety under Okawaru
 11835 | D:9      | Reached XP level 11. HP: 84/84 MP: 11/11
 11932 | D:9      | Found a glowing golden altar of the Shining One.
 11963 | D:9      | Reached skill level 5 in Armour
 12138 | D:9      | Noticed a hill giant
 12156 | D:9      | Killed a hill giant
 12561 | D:10     | Entered Level 10 of the Dungeon
 12581 | D:10     | Noticed namnharef's ghost (journeyman HOBe)
 12701 | D:10     | Killed namnharef's ghost
 12701 | D:10     | Reached skill level 5 in Shields
 12815 | D:10     | Got a scorched steel ring
 12817 | D:10     | Identified the cursed ring "Luavugaq" {rElec rPois rN+ AC-3} (You took it off an orc wizard on level 10 of the Dungeon)
 12880 | D:10     | Noticed a six-headed hydra
 13063 | D:10     | Found a flagged portal.
 13095 | Bailey   | Entered a bailey
 13233 | Bailey   | Noticed an orc knight
 13258 | Bailey   | Received a gift from Okawaru
 13394 | Bailey   | Killed an orc knight
 13979 | D:10     | Killed a six-headed hydra
 13979 | D:10     | Reached ***** piety under Okawaru
 13979 | D:10     | Reached skill level 15 in Polearms
 14018 | D:10     | Killed an unseen horror
 14931 | Lair:1   | Entered Level 1 of the Lair of Beasts
 14990 | Lair:1   | Received a gift from Okawaru
 15013 | Lair:1   | Reached skill level 1 in Evocations
 15013 | Lair:1   | Reached XP level 12. HP: 26/94 MP: 13/13
 15268 | Lair:1   | Got a pair of fine gloves {god gift}
 15286 | Lair:1   | Identified the +2 pair of gloves of Rora {Str-4 Int+5 Stlth+} (Okawaru gifted it to you on level 1 of the Lair of Beasts)
 17798 | Lair:2   | Found a staircase to the Shoals.
 18021 | Lair:3   | HP: 3/96 [steam dragon] (9)]
 18025 | Lair:3   | Engulfed by a steam dragon's steam

Vault maps used:
D:1:      saegor_arrival_miasma, minmay_parallelograms, corexii_corridor_pit
D:3:      chequers_temple_overflow_minitemple, fedhas_altar_fruit_tree,
          uniq_sigmund
D:4:      first_bread
D:5:      nicolae_gozag_seed_capital, okawaru_altar_gauntlet_db,
          minmay_liquid_box, uniq_grinder
D:6:      uniq_edmund, uniq_duvessa
D:7:      serial_shops, nicolae_shop_crystal, uniq_menkaure
D:8:      erik_lair_island
D:9:      cheibrodos_two_vegetables, nicolae_tso_carved_into_rock, basic_altar,
          uniq_psyche
D:10:     lightli_bailey_entry_fortress, blue_anna_alchemist, fungi_pond_lemuel
Temple:   regret_index_temple_sphere_string
Lair:1:   infiniplex_staircase_pool
Lair:2:   shoals_dummy_entry, beast_lair_carwin_6
Lair:3:   dummy_spider_entry, enter_volcano_1, grunt_megastairs_5,
          lemuel_fruit_tree, serial_bayou_shore_b, lemuel_fruit_fields
Bailey:   bailey_polearm_4, bailey

Skill      XL: |  1  2  3  4  5  6  7  8  9 10 11 12 |
---------------+-------------------------------------+-----
Polearms       | 5 6 7 8 9 11 13 14 15 | 15.7
Stealth        | 1 2 3 4 5 6 |  6.3
Fighting       | 3 4 5 6 7 8 9 |  9.6
Armour         | 1 2 3 4 6 7 |  7.1
Shields        | 1 2 3 4 6 7 |  7.4
Dodging        | 5 7 8 |  8.9
Invocations    | 1 |  1.8
Throwing       | 3 4 |  4.7
Evocations     | 1 |  1.0

Action                   |  1- 3 |  4- 6 |  7- 9 | 10-12 || total
-------------------------+-------+-------+-------+-------++-------
Melee: Trident           |    80 |   143 |   568 |  1017 ||  1808
       Tailslap          |       |       |       |     7 ||     7
Throw: Throwing net      |       |     1 |     1 |     3 ||     5
       Tomahawk          |       |       |       |    64 ||    64
Invok: Heroism           |       |       |     1 |    21 ||    22
Evoke: Wand              |       |       |       |    10 ||    10
  Use: Scroll            |       |     1 |     6 |    19 ||    26
       Potion            |       |       |     3 |    15 ||    18
 Stab: Sleeping          |     7 |     1 |     7 |     9 ||    24
       Distracted        |       |       |     2 |     1 ||     3
  Eat: Chunk             |     1 |     6 |    17 |    25 ||    49
       Beef jerky        |       |       |     1 |       ||     1
       Meat ration       |       |       |       |     1 ||     1
       Pizza             |       |       |       |     1 ||     1
Armor: Leather armour    |     3 |       |       |       ||     3
       Scale mail        |     5 |    39 |    87 |       ||   131
       Ring mail         |       |       |    24 |   130 ||   154
       Chain mail        |       |       |       |    91 ||    91
Dodge: Dodged            |    21 |    55 |   176 |   415 ||   667
Block: Buckler           |       |    19 |    98 |   280 ||   397
